PA
PHOENIX HOTSPUR U-21 @ YELLOWKNIFE DRAGONBLOOD
09/03/2028
 
TOP OF THE 1ST
Phoenix Hotspur U-21 batting - Pitching for Yellowknife Dragonblood : LHP Earl Farley
Pitching: LHP Earl Farley
Batting: RHB Solomon Norment 0-0: Ball
1-0: Ball
2-0: Foul Ball, location: 2F
2-1: Foul Ball, location: 2F
2-2: Foul Ball, location: 2F
2-2: Ground out 6-3 (Groundball, 6MS)
Batting: LHB Tyler Kinjeketile 0-0: Called Strike
0-1: Ground out 4-3 (Groundball, 4)
Batting: LHB Wagaw Lukongolo 0-0: Swinging Strike
0-1: SINGLE (Groundball, 56S) (infield hit)
Batting: RHB Francisco Arriagada 0-0: Ball
Wagaw Lukongolo steals 2nd base
1-0: Foul Ball, location: 2F
1-1: Swinging Strike
1-2: Strikes out looking
Top of the 1st over - 0 run(s), 1 hit(s), 0 error(s), 1 left on base; Phoenix 0 - Yellowknife 0
BOTTOM OF THE 1ST
Yellowknife Dragonblood batting - Pitching for Phoenix Hotspur U-21 : RHP Alberto Solís
Pitching: RHP Alberto Solís
Batting: RHB Mareka Naidoo 0-0: Ball
1-0: Foul Ball, location: 2F
1-1: Swinging Strike
1-2: Ball
2-2: Ball
3-2: Base on Balls
Batting: LHB Ashley Thachi 0-0: Foul Ball, location: 2F
0-1: Ball
1-1: Foul Ball, location: 2F
1-2: Strikes out looking
Batting: LHB Jayden Laming 0-0: Called Strike
0-1: Foul Ball, location: 2F
0-2: Ball
1-2: Ball
2-2: Strikes out looking
Batting: RHB Juan López 0-0: Foul Ball, location: 2F
0-1: SINGLE (Groundball, 34D)
Mareka Naidoo to second
Runner from 2nd tries for 3rd, SAFE, throw made to third
Batting: RHB Riley Walker 0-0: Swinging Strike
0-1: Ball
1-1: Ground out 5-3 (Groundball, 5S)
Bottom of the 1st over - 0 run(s), 1 hit(s), 0 error(s), 2 left on base; Phoenix 0 - Yellowknife 0
TOP OF THE 2ND
Phoenix Hotspur U-21 batting - Pitching for Yellowknife Dragonblood : LHP Earl Farley
Batting: LHB Jason DeGeorge 0-0: Ball
1-0: Ball
2-0: Ball
3-0: Called Strike
3-1: Base on Balls
Batting: RHB Bill Erickson 0-0: Called Strike
0-1: Swinging Strike
0-2: Ball
1-2: Foul Ball, location: 2F
1-2: Grounds into double play, 4-6-3 (Groundball, 4M)
Batting: RHB Braylen Sampson 0-0: Ball
1-0: Foul Ball, location: 2F
1-1: Ball
2-1: Foul Ball, location: 2F
2-2: Fly out, F4 (Popup, 34D)
Top of the 2nd over - 0 run(s), 0 hit(s), 0 error(s), 0 left on base; Phoenix 0 - Yellowknife 0
BOTTOM OF THE 2ND
Yellowknife Dragonblood batting - Pitching for Phoenix Hotspur U-21 : RHP Alberto Solís
Batting: LHB Juan Macíel 0-0: Ball
1-0: SINGLE (Groundball, 4MD)
Batting: LHB Santiago Miranda 0-0: Ball
1-0: Called Strike
1-1: Ball
2-1: Called Strike
2-2: Ball
3-2: Strikes out looking
Batting: RHB Manuel Ramos 0-0: Called Strike
0-1: SINGLE (Groundball, 34D)
Juan Macíel to second
Runner from 2nd tries for 3rd, SAFE, throw made to third
Batting: RHB Chong-yee Au-Yong 0-0: Ball
Manuel Ramos steals 2nd base
1-0: Foul Ball, location: 2F
1-1: Ball
2-1: Ball
3-1: DOUBLE (Line Drive, 8LD)
Juan Macíel scores
Manuel Ramos scores
Batting: RHB Mareka Naidoo 0-0: Called Strike
0-1: Foul Ball, location: 2F
0-2: Ball
1-2: Ball
2-2: Foul Ball, location: 2F
2-2: Ground out 6-3 (Groundball, 6)
Batting: LHB Ashley Thachi 0-0: Swinging Strike
0-1: Ground out 4-3 (Groundball, 4M)
Bottom of the 2nd over - 2 run(s), 3 hit(s), 0 error(s), 1 left on base; Phoenix 0 - Yellowknife 2
TOP OF THE 3RD
Phoenix Hotspur U-21 batting - Pitching for Yellowknife Dragonblood : LHP Earl Farley
Batting: RHB Jim Justice 0-0: Ball
1-0: Foul Ball, location: 2F
1-1: Swinging Strike
1-2: Foul Ball, location: 2F
1-2: Foul Ball, location: 2F
1-2: Ball
2-2: Foul Ball, location: 2F
2-2: Foul Ball, location: 2F
2-2: SINGLE (Groundball, 6MD)
Batting: RHB Bill Poole 0-0: Called Strike
0-1: Ball
1-1: Called Strike
1-2: Ball
2-2: Strikes out swinging
Batting: RHB Solomon Norment 0-0: Ball
1-0: Foul Ball, location: 2F
1-1: Foul Ball, location: 2F
1-2: Foul Ball, location: 2F
1-2: Foul Ball, location: 2F
1-2: Ball
2-2: Ball
3-2: Ground out U3 (Groundball, 34S)
Jim Justice to second
Batting: LHB Tyler Kinjeketile 0-0: Ball
1-0: Foul Ball, location: 2F
1-1: Called Strike
1-2: Strikes out swinging
Top of the 3rd over - 0 run(s), 1 hit(s), 0 error(s), 1 left on base; Phoenix 0 - Yellowknife 2
BOTTOM OF THE 3RD
Yellowknife Dragonblood batting - Pitching for Phoenix Hotspur U-21 : RHP Alberto Solís
Batting: LHB Jayden Laming 0-0: Called Strike
0-1: Swinging Strike
0-2: Ball
1-2: Strikes out looking
Batting: RHB Juan López 0-0: Swinging Strike
0-1: Called Strike
0-2: Ball
1-2: Ball
2-2: Ball
3-2: Fly out, F9 (Flyball, 89S)
Batting: RHB Riley Walker 0-0: Ball
1-0: Foul Ball, location: 2F
1-1: Reached via error on a dropped throw, E3
Batting: LHB Juan Macíel 0-0: Called Strike
0-1: Swinging Strike
0-2: Strikes out swinging
Bottom of the 3rd over - 0 run(s), 0 hit(s), 1 error(s), 1 left on base; Phoenix 0 - Yellowknife 2
TOP OF THE 4TH
Phoenix Hotspur U-21 batting - Pitching for Yellowknife Dragonblood : LHP Earl Farley
Batting: LHB Wagaw Lukongolo 0-0: Ground out 4-3 (Groundball, 4S)
Batting: RHB Francisco Arriagada 0-0: Foul Ball, location: 2F
0-1: Called Strike
0-2: Ball
1-2: Ball
2-2: Strikes out swinging
Batting: LHB Jason DeGeorge 0-0: Hit by Pitch
Batting: RHB Bill Erickson 0-0: Called Strike
0-1: Swinging Strike
0-2: Ball
1-2: Ball
2-2: Foul Ball, location: 2F
2-2: Ball
3-2: Foul Ball, location: 2F
3-2: Base on Balls
Jason DeGeorge to second
Batting: RHB Braylen Sampson 0-0: Ball
1-0: Swinging Strike
1-1: Ground out 5-3 (Groundball, 56)
Top of the 4th over - 0 run(s), 0 hit(s), 0 error(s), 2 left on base; Phoenix 0 - Yellowknife 2
BOTTOM OF THE 4TH
Yellowknife Dragonblood batting - Pitching for Phoenix Hotspur U-21 : RHP Alberto Solís
Batting: LHB Santiago Miranda 0-0: SINGLE (Groundball, 3) (infield hit)
Batting: RHB Manuel Ramos 0-0: Called Strike
0-1: Ball
1-1: Swinging Strike
1-2: Strikes out looking
Batting: RHB Chong-yee Au-Yong 0-0: Ball
1-0: Foul Ball, location: 2F
1-1: Ball
2-1: Foul Ball, location: 2F
2-2: Foul Ball, location: 2F
2-2: Foul Ball, location: 2F
2-2: Grounds into double play, 6-4-3 (Groundball, 6)
Bottom of the 4th over - 0 run(s), 1 hit(s), 0 error(s), 0 left on base; Phoenix 0 - Yellowknife 2
TOP OF THE 5TH
Phoenix Hotspur U-21 batting - Pitching for Yellowknife Dragonblood : LHP Earl Farley
Batting: RHB Jim Justice 0-0: Ball
1-0: Foul Ball, location: 2F
1-1: Swinging Strike
1-2: Strikes out swinging
Batting: RHB Bill Poole 0-0: Called Strike
0-1: Ball
1-1: Ball
2-1: SINGLE (Line Drive, 89M)
Batting: RHB Solomon Norment 0-0: Fielders Choice at 2nd, 5-4 (Groundball, 56)
Batting: LHB Tyler Kinjeketile 0-0: Ball
1-0: Called Strike
Solomon Norment is caught stealing 2nd base
Top of the 5th over - 0 run(s), 1 hit(s), 0 error(s), 0 left on base; Phoenix 0 - Yellowknife 2
BOTTOM OF THE 5TH
Yellowknife Dragonblood batting - Pitching for Phoenix Hotspur U-21 : RHP Alberto Solís
Batting: RHB Mareka Naidoo 0-0: Ball
1-0: Ground out 4-3 (Groundball, 34D)
Batting: LHB Ashley Thachi 0-0: Ball
1-0: Called Strike
1-1: Ball
2-1: Foul Ball, location: 2F
2-2: Foul Ball, location: 2F
2-2: Fly out, F7 (Flyball, 7)
Batting: LHB Jayden Laming 0-0: Ball
1-0: Fly out, F8 (Flyball, 78S)
Bottom of the 5th over - 0 run(s), 0 hit(s), 0 error(s), 0 left on base; Phoenix 0 - Yellowknife 2
TOP OF THE 6TH
Phoenix Hotspur U-21 batting - Pitching for Yellowknife Dragonblood : LHP Earl Farley
Batting: LHB Tyler Kinjeketile 0-0: Ball
1-0: Ball
2-0: Ground out 4-3 (Groundball, 4MS)
Batting: LHB Wagaw Lukongolo 0-0: Called Strike
0-1: Ball
1-1: Ball
2-1: Ball
3-1: Foul Ball, location: 2F
3-2: Fly out, F7 (Flyball, 7)
Batting: RHB Francisco Arriagada 0-0: Called Strike
0-1: Ball
1-1: Fly out, F8 (Flyball, 8RD)
Top of the 6th over - 0 run(s), 0 hit(s), 0 error(s), 0 left on base; Phoenix 0 - Yellowknife 2
BOTTOM OF THE 6TH
Yellowknife Dragonblood batting - Pitching for Phoenix Hotspur U-21 : RHP Alberto Solís
Batting: RHB Juan López 0-0: Foul Ball, location: 2F
0-1: Ball
1-1: Ball
2-1: Ball
3-1: Foul Ball, location: 2F
3-2: DOUBLE (Line Drive, 5D)
Batting: RHB Riley Walker 0-0: Ball
1-0: Ball
2-0: Called Strike
2-1: Swinging Strike
2-2: Strikes out swinging
Batting: LHB Juan Macíel 0-0: Ball
1-0: Swinging Strike
1-1: SINGLE (Groundball, 4MD)
Juan López to third
Batting: LHB Santiago Miranda 0-0: Ball
1-0: SINGLE (Groundball, 4MD)
Juan López scores
Juan Macíel to second
Runner from 2nd tries for 3rd, SAFE, throw made to third
Batting: RHB Manuel Ramos 0-0: Ball
1-0: Fly out, F9 (Flyball, 9LS)
Batting: RHB Chong-yee Au-Yong 0-0: Called Strike
0-1: Foul Ball, location: 2F
0-2: Ball
1-2: Ball
2-2: Strikes out swinging
Bottom of the 6th over - 1 run(s), 3 hit(s), 0 error(s), 2 left on base; Phoenix 0 - Yellowknife 3
TOP OF THE 7TH
Phoenix Hotspur U-21 batting - Pitching for Yellowknife Dragonblood : LHP Earl Farley
Batting: LHB Jason DeGeorge 0-0: Fly out, F6 (Line Drive, 6MD)
Batting: RHB Bill Erickson 0-0: Ball
1-0: Ball
2-0: Foul Ball, location: 2F
2-1: Foul Ball, location: 2F
2-2: Ground out 6-3 (Groundball, 6)
Batting: RHB Braylen Sampson 0-0: Called Strike
0-1: SINGLE (Flyball, 89M)
Pitching: RHP Hasegawa Shoin
Batting: RHB Jim Justice 0-0: Ball
1-0: Ball
2-0: Ground out 1-3 (Groundball, 13)
Top of the 7th over - 0 run(s), 1 hit(s), 0 error(s), 1 left on base; Phoenix 0 - Yellowknife 3
BOTTOM OF THE 7TH
Yellowknife Dragonblood batting - Pitching for Phoenix Hotspur U-21 : RHP Alberto Solís
Batting: RHB Mareka Naidoo 0-0: Ball
1-0: Called Strike
1-1: Ball
2-1: Swinging Strike
2-2: Ball
3-2: Ground out 6-3 (Groundball, 56)
Batting: LHB Ashley Thachi 0-0: Called Strike
0-1: Foul Ball, location: 2F
0-2: Ball
1-2: Ball
2-2: Strikes out swinging
Batting: LHB Jayden Laming 0-0: Ball
1-0: Called Strike
1-1: Ball
2-1: Foul Ball, location: 2F
2-2: Ball
3-2: Base on Balls
Pitching: RHP Lucas Akerval
Batting: RHB Juan López 0-0: SINGLE (Groundball, 56) (infield hit)
Jayden Laming to second
Batting: RHB Riley Walker 0-0: Called Strike
0-1: Called Strike
0-2: Ball
1-2: Strikes out swinging
Bottom of the 7th over - 0 run(s), 1 hit(s), 0 error(s), 2 left on base; Phoenix 0 - Yellowknife 3
TOP OF THE 8TH
Phoenix Hotspur U-21 batting - Pitching for Yellowknife Dragonblood : RHP Hasegawa Shoin
Batting: RHB Bill Poole 0-0: Called Strike
0-1: Ball
1-1: Ground out 4-3 (Groundball, 4)
Batting: RHB Solomon Norment 0-0: Swinging Strike
0-1: Ball
1-1: Called Strike
1-2: Ball
2-2: Strikes out swinging
Batting: LHB Tyler Kinjeketile 0-0: Ball
1-0: Foul Ball, location: 2F
1-1: Swinging Strike
1-2: Foul Ball, location: 2F
1-2: Ball
2-2: Ball
3-2: Base on Balls
Pitching: LHP Roberto Muñóz
Batting: LHB Wagaw Lukongolo 0-0: Called Strike
0-1: SINGLE (Groundball, 4MD)
Tyler Kinjeketile to second
Runner from 2nd tries for 3rd, OUT!
Top of the 8th over - 0 run(s), 1 hit(s), 0 error(s), 1 left on base; Phoenix 0 - Yellowknife 3
BOTTOM OF THE 8TH
Yellowknife Dragonblood batting - Pitching for Phoenix Hotspur U-21 : RHP Lucas Akerval
Now in RF: Jeremias Nabais
Batting: LHB Juan Macíel 0-0: Ball
1-0: Ball
2-0: Swinging Strike
2-1: Foul Ball, location: 2F
2-2: Strikes out swinging
Batting: LHB Santiago Miranda 0-0: Called Strike
0-1: Ball
1-1: Foul Ball, location: 2F
1-2: Strikes out swinging
Batting: RHB Manuel Ramos 0-0: Called Strike
0-1: Called Strike
0-2: Strikes out swinging
Bottom of the 8th over - 0 run(s), 0 hit(s), 0 error(s), 0 left on base; Phoenix 0 - Yellowknife 3
TOP OF THE 9TH
Phoenix Hotspur U-21 batting - Pitching for Yellowknife Dragonblood : LHP Roberto Muñóz
Pitching: RHP Shusaku Kobayashi
Batting: RHB Francisco Arriagada 0-0: Ball
1-0: Called Strike
1-1: Ground out 5-3 (Groundball, 25)
Batting: LHB Jason DeGeorge 0-0: SINGLE (Line Drive, 7S)
Batting: RHB Bill Erickson 0-0: Foul Ball, location: 2F
0-1: Called Strike
0-2: Ball
1-2: Ball
2-2: Foul Ball, location: 2F
2-2: SINGLE (Groundball, 6MD)
Jason DeGeorge to second
Runner from 2nd tries for 3rd, SAFE, no throw
Pinch Hitting: RHB Juan Negrete 0-0: Ball
1-0: Fly out, F9 (Flyball, 89S)
Runner from 3rd tags up, SCORES, throw made
Batting: RHB Jim Justice 0-0: Called Strike
0-1: Fly out, F7 (Line Drive, 7)
Top of the 9th over - 1 run(s), 2 hit(s), 0 error(s), 1 left on base; Phoenix 1 - Yellowknife 3
Thursday, August 31st, 2017 - OOTP Baseball 17.12 Build 75